 Dungeon Crawl Stone Soup version 0.27-a0-543-gd81048afd2 (webtiles) character file.

Game seed: 4387123007823238498

1486 Morbidden the Digger (level 8, -7/75 HPs)
             Began as a Troll Earth Elementalist on Mar 6, 2021.
             Was a Believer of Cheibriados.
             Mangled by an orc warrior
             ... wielding a +0 war axe
              (21 damage)
             ... on level 9 of the Dungeon.
             The game lasted 00:07:52 (4326 turns).

Morbidden the Digger (Troll Earth Elementalist)     Turns: 4326, Time: 00:07:53

Health: -7/75      AC:  6    Str: 21    XL:     8   Next: 50%
Magic:  11/11      EV: 11    Int: 17    God:    Cheibriados [**....]
Gold:   277        SH:  0    Dex: 14    Spells: 8/12 levels left

rFire    . . .     SeeInvis .     - Unarmed
rCold    . . .     Faith    .   (no shield)
rNeg     . . .     Spirit   .   c - +0 robe
rPois    .         Reflect  .   j - +1 hat
rElec    .         Harm     .   f - +0 cloak
rCorr    .         Rampage  .   (gloves unavailable)
Will     .....                  (boots unavailable)
Stlth    ++........             d - amulet of regeneration
HPRegen  2.22/turn              (no ring)
MPRegen  0.12/turn              (no ring)

@: very slow
A: large, unfitting armour, claws 3, regeneration 1, shaggy fur 1, tough skin 1
a: Renounce Religion, Bend Time


You were on level 9 of the Dungeon.
You worshipped Cheibriados.
Cheibriados was pleased with you.
You visited 2 branches of the dungeon, and saw 8 of its levels.

You collected 277 gold pieces.

Inventory:

Missiles
 b - 154 stones
 e - 2 large rocks (quivered)
 q - a throwing net
 u - 5 poisoned darts
 v - 3 boomerangs
Armour
 c - a +0 robe (worn)
 f - a +0 cloak (worn)
 j - a +1 hat (worn)
Jewellery
 d - an amulet of regeneration (around neck)
 k - a ring of ice
 p - a +4 ring of protection
Wands
 w - a wand of flame (1)
Scrolls
 a - a scroll of blinking {unknown}
 g - 4 scrolls of teleportation
 i - 2 scrolls of immolation {unknown}
 l - 4 scrolls of identify {unknown}
 m - a scroll of magic mapping {unknown}
 o - a scroll of enchant weapon {unknown}
 s - 2 scrolls of random uselessness {unknown}
Potions
 h - a potion of ambrosia
 n - 2 potions of haste {unknown}
 r - a potion of lignification {unknown}
 t - a potion of attraction {unknown}
 x - 4 potions of curing {unknown}
 z - a potion of brilliance {unknown}
 A - a potion of mutation {unknown}


   Skills:
 * Level 3.0 Fighting
 + Level 0.5 Throwing
 * Level 3.6 Dodging
 + Level 1.2 Stealth
 + Level 4.2 Unarmed Combat
 * Level 2.7 Spellcasting
 * Level 0.6 Conjurations
 * Level 3.2 Transmutations
 * Level 4.8 Earth Magic


You had 8 spell levels left.
You knew the following spells:

 Your Spells              Type           Power      Damage    Failure   Level
a - Sandblast             Erth           36%        2d10      2%          1
b - Stone Arrow           Conj/Erth      22%        3d8       17%         3

Your spell library contained the following spells:

 Spells                   Type           Power      Damage    Failure   Level
 Passwall                 Tmut/Erth      13%        N/A       5%          2
 Petrify                  Tmut/Erth      16%        N/A       34%         4
 Lee's Rapid Deconstruct  Erth           9%         3d8*      56%         5


Dungeon Overview and Level Annotations

Branches:
Dungeon (6/15)             Temple (1/1) D:6

Altars:
Cheibriados
Fedhas
Hepliaklqana
Kikubaaqudgha
Makhleb
Nemelex Xobeh
Trog
Vehumet
Xom
Yredelemnul
Zin
The Shining One

Annotations:
D:2 1 runed translucent door, Crazy Yiuf
D:5 2 transporters, Nr616's ghost, novice HuBr


Innate Abilities, Weirdness & Mutations

You are too large for most types of armour.
You have claws for hands.
Your natural rate of healing is unusually fast.
You are covered in fur. (AC +1)
You have tough skin. (AC +1)


Message History

The orc warrior hits you with a +0 war axe!
* * * LOW HITPOINT WARNING * * *
The orc hits you but does no damage.
Unknown command.
You completely miss the orc warrior.
The orc warrior is heavily wounded.
You scratch the orc warrior.
The orc warrior is heavily wounded.
The orc hits you with a +1 mace of protection.
* * * LOW HITPOINT WARNING * * *
The orc warrior hits you with a +0 war axe.
* * * LOW HITPOINT WARNING * * *
Unknown command.
Unknown command.
Unknown command.
You claw the orc warrior!
The orc warrior is almost dead.
The orc hits you but does no damage. The orc warrior misses you.
Unknown command.
Unknown command.
You barely miss the orc warrior.
The orc warrior is almost dead.
The orc warrior hits you with a +0 war axe.
* * * LOW HITPOINT WARNING * * *
The orc hits you with a +1 mace of protection!
* * * LOW HITPOINT WARNING * * *
Unknown command.
You scratch the orc warrior but do no damage.
The orc warrior is almost dead.
Unknown command.
You closely miss the orc warrior.
The orc warrior is almost dead.
The orc warrior closely misses you.
The orc hits you with a +1 mace of protection.
* * * LOW HITPOINT WARNING * * *
Unknown command.
You closely miss the orc warrior.
The orc warrior is almost dead.
The orc warrior hits you with a +0 war axe!!
You die...

..#.. #.. ....
#.. ...# ###..
...#
#.(.<##...##
#....#....?#
#....#.....#(.
##.o........
#..@o.......
#...............
##............$.
....##....####..
.## ....## .
##..## ##.# ###


You could see an orc warrior and an orc.

Vanquished Creatures
  Grinder (D:3)
  Sigmund (D:3)
  Eustachio (D:5)
  Menkaure (D:6)
  An ice beast (D:6)
  A bullfrog (D:6)
  A scorpion (D:5)
  3 wights
  A howler monkey (D:6)
  2 hounds
  3 orc priests
  A centaur skeleton (D:4)
  Jessica (D:3)
  Natasha (twice) (D:4)
  An orc wizard (D:6)
  An iguana (D:4)
  3 worker ants
  5 adders
  An ufetubus (D:6)
  2 adder skeletons (D:4)
  A dart slug (D:3)
  5 leopard geckos
  13 orcs
  9 bats
  6 giant cockroaches
  3 goblins
  7 hobgoblins
  2 jackals (D:4)
  2 quokkas (D:3)
  2 ball pythons
  8 frilled lizards
  A jackal skeleton (D:4)
  4 kobolds (D:2)
  A leopard gecko skeleton (D:4)
  2 quokka skeletons
  11 rats
110 creatures vanquished.

Vanquished Creatures (others)
  4 toadstools (D:1)
4 creatures vanquished.

Grand Total: 114 creatures vanquished

Notes
Turn   | Place    | Note
-------+----------+-------------------------------------------
     0 | D:1      | Morbidden the Troll Earth Elementalist began the quest for
                  | the Orb.
     0 | D:1      | Reached XP level 1. HP: 16/16 MP: 1/1
   135 | D:1      | Reached XP level 2. HP: 24/24 MP: 3/3
   140 | D:1      | Reached skill level 1 in Transmutations
   570 | D:2      | Reached XP level 3. HP: 31/32 MP: 4/4
   609 | D:2      | Reached skill level 1 in Fighting
  1019 | D:2      | You fall into a shaft and drop 2 floors!
  1042 | D:4      | Reached skill level 1 in Unarmed Combat
  1042 | D:4      | Reached XP level 4. HP: 34/41 MP: 5/5
  1129 | D:4      | Noticed Natasha
  1136 | D:4      | Killed Natasha
  1137 | D:4      | Reached XP level 5. HP: 46/48 MP: 6/6
  1215 | D:4      | Noticed Natasha
  1217 | D:4      | You fall into a shaft and drop 2 floors!
  1218 | D:6      | Noticed Menkaure
  1222 | D:6      | Killed Menkaure
  1223 | D:6      | Reached XP level 6. HP: 18/57 MP: 7/7
  1244 | D:6      | Found a staircase to the Ecumenical Temple.
  1251 | Temple   | Entered the Ecumenical Temple
  1337 | Temple   | Became a worshipper of Cheibriados the Contemplative
  1531 | D:5      | Entered Level 5 of the Dungeon
  1539 | D:5      | Noticed Eustachio
  1668 | D:5      | Found a transporter.
  1697 | D:5      | Reached XP level 7. HP: 57/65 MP: 8/8
  2129 | D:5      | Found a transporter.
  2129 | D:5      | Noticed Nr616's ghost (novice HuBr)
  2177 | D:5      | Killed Eustachio
  2590 | D:5      | Upgraded the game from 0.27-a0-535-g7eaf864cf9 to
                  | 0.27-a0-543-gd81048afd2
  2667 | D:5      | Reached * piety under Cheibriados
  2739 | D:4      | Killed Natasha
  3120 | D:3      | Noticed Grinder
  3147 | D:3      | Killed Grinder
  3148 | D:3      | Reached XP level 8. HP: 59/74 MP: 10/10
  3239 | D:3      | Learned a level 3 spell: Stone Arrow
  3443 | D:3      | Reached ** piety under Cheibriados
  3545 | D:3      | Noticed Jessica
  3546 | D:3      | Noticed Sigmund
  3564 | D:3      | Killed Jessica
  3580 | D:3      | Killed Sigmund
  3978 | D:2      | Found a runed translucent door.
  3979 | D:2      | Noticed Crazy Yiuf
  4299 | D:6      | You fall into a shaft and drop 3 floors!
  4326 | D:9      | Mangled by an orc warrior

Illustrated notes

Levels and vault maps discovered:
D:1:      ldierk_walled_garden_2, layout_rooms
D:2:      layout_loops_ring, uniq_crazy_yiuf_cottage
D:3:      layout_rooms, uniq_grinder, uniq_sigmund, uniq_jessica
D:4:      layout_cave_pools, uniq_natasha
D:5:      layout_basic, gammafunk_ghost_arena, st_stairs_13,
          amcnicky_mini_pool_small, chequers_mini_garden,
          kennysheep_generic_room_2, uniq_eustachio
D:6:      layout_rooms, minmay_temple_entry_slanted, basic_altar, st_stairs_5,
          minmay_door_square, led_sif_pool, uniq_menkaure
D:9:      layout_layer_cave, elyvilon_altar_1, orc_0_dummy, serial_shops, shop
Temple:   minmay_crystal_snake_temple

Skill      XL: |  1  2  3  4  5  6  7  8 |
---------------+-------------------------+-----
Transmutations | 1 2 3 |  3.2
Earth Magic    | 3 4 |  4.8
Fighting       | 1 2 3 |  3.0
Dodging        | 2 3 |  3.6
Unarmed Combat | 1 2 3 4 |  4.2
Spellcasting   | 2 |  2.7
Throwing       | |  0.5
Stealth        | |  1.2
Conjurations   | |  0.6

Action                   |  1- 3 |  4- 6 |  7- 9 || total
-------------------------+-------+-------+-------++-------
Melee: Unarmed           |   143 |    79 |   126 ||   348
       Punch             |       |     2 |       ||     2
Throw: Boomerang         |       |       |    12 ||    12
       Dart              |       |       |     5 ||     5
       Large rock        |       |       |     1 ||     1
 Cast: Sandblast         |     5 |    13 |    36 ||    54
       Stone Arrow       |       |       |     1 ||     1
  Use: Scroll            |       |       |     1 ||     1
       Potion            |       |       |     1 ||     1
 Stab: Sleeping          |     1 |       |     1 ||     2
Armor: Robe              |    80 |    17 |    40 ||   137
Dodge: Dodged            |    75 |    34 |    69 ||   178

Table legend: (Time is in decaauts)
 A = Elapsed time spent in this place.
 B = Non-inter-level travel time spent in this place.
 C = Inter-level travel time spent in this place.
 D = Time resting spent in this place.
 E = Time spent auto-exploring this place.
 F = Levels seen in this place.
 G = Mean time per level.
                   A        B        C        D        E       F      G
               +--------+--------+--------+--------+--------+-----+--------+
         Total |   5243 |   4704 |    539 |      8 |   3606 |   8 |  655.4 |
       Dungeon |   5101 |   4615 |    486 |      8 |   3537 |   7 |  728.7 |
        Temple |    141 |     88 |     53 |      0 |     69 |   1 |  141.0 |
               +--------+--------+--------+--------+--------+-----+--------+

Top non-repeatable levels by time:
     D:5: 1527 daAuts
     D:2: 1091 daAuts
     D:3: 934 daAuts
     D:4: 794 daAuts
     D:1: 455 daAuts
     D:6: 271 daAuts
  Temple: 141 daAuts
     D:9: 26 daAuts
